 Dungeon Crawl Stone Soup version 0.30-a0-368-g86fb4627a9 (webtiles) character file.

Game seed: 14076801314278977450

793 Lobster4 the Trooper (level 7, -3/54 HPs)
             Began as a Hill Orc Wanderer on Nov 19, 2022.
             Was an Elder of the Shining One.
             Slain by an iguana (7 damage)
             ... on level 5 of the Dungeon.
             The game lasted 00:13:51 (3998 turns).

Lobster4 the Trooper (Hill Orc Wanderer)            Turns: 3998, Time: 00:13:52

Health: -3/54      AC:  6    Str: 21    XL:     7   Next: 88%
Magic:  7/10       EV: 11    Int: 12    God:    the Shining One [****..]
Gold:   243        SH:  7    Dex: 12    Spells: 10/10 levels left

rFire   + . .      SeeInvis .    t - +1 hand axe (freeze)
rCold   + . .      Faith    .    (no shield)
rNeg    + + .      Spirit   .    w - +0 ring mail
rPois   +          Reflect  .    (no helmet)
rElec   +          Harm     .    (no cloak)
rCorr   +          Rampage  .    (no gloves)
Will    .....                    (no boots)
Stlth   +.........               c - amulet of the acrobat
HPRegen 0.29/turn                f - ring of poison resistance
MPRegen 0.12/turn                s - +6 ring of strength

@: divinely shielded, resistant, glowing
A: frail 1
a: Renounce Religion, Divine Shield, Cleansing Flame


You were on level 5 of the Dungeon.
You worshipped the Shining One.
The Shining One was greatly pleased with you.
You visited 2 branches of the dungeon, and saw 6 of its levels.
You also visited: Ossuary.

You collected 243 gold pieces.

Inventory:

Hand Weapons
 a - a +1 club
 t - a +1 hand axe of freezing (weapon)
Missiles
 b - 3 throwing nets
 q - 4 boomerangs
 u - 6 poisoned darts (quivered)
Armour
 e - a +0 leather armour
 w - a +0 ring mail (worn)
Jewellery
 c - an amulet of the acrobat (around neck)
 f - a ring of poison resistance (left hand)
 j - a ring of positive energy
 s - a +6 ring of strength (right hand)
 v - a +4 ring of evasion
Wands
 l - a wand of mindburst (24)
 z - a wand of flame (14)
Scrolls
 g - a scroll of enchant weapon
 i - a scroll of enchant armour {unknown}
 k - a scroll of magic mapping {unknown}
 n - a scroll of summoning {unknown}
 r - 2 scrolls of brand weapon {unknown}
 x - 2 scrolls of blinking {unknown}
 y - 2 scrolls of poison {unknown}
 A - a scroll of noise {unknown}
Potions
 d - 2 potions of resistance
 h - 6 potions of curing {unknown}
 m - a potion of mutation
 o - a potion of haste
 p - a potion of flight


   Skills:
 + Level 4.8 Fighting
 - Level 4.0 Axes
 - Level 1.0 Throwing
 + Level 4.6 Armour
 - Level 2.0 Dodging
 - Level 1.0 Stealth
 - Level 2.0 Spellcasting
 - Level 3.0 Necromancy
 + Level 3.6 Invocations
 - Level 3.0 Evocations


You had 10 spell levels left.
You didn't know any spells.
Your spell library contained the following spells:

 Spells                   Type           Power      Damage    Failure   Level
 Necrotise                Necr           32%        1d5       12%         1
 Sublimation of Blood     Necr           8%         N/A       19%         2
 Sting                    Tmut/Pois      4%         1d3       38%         1
 Cigotuvi's Dreadful Rot  Necr/Pois/Air  6%         N/A       38%         2
 Alistair's Intoxication  Tmut/Pois      0%         N/A       100%        5


Dungeon Overview and Level Annotations

Branches:
Dungeon (5/15)             Temple (1/1) D:4         Ossuary (visited)

Altars:
Cheibriados
Dithmenos
Elyvilon
Hepliaklqana
Kikubaaqudgha
Nemelex Xobeh
Okawaru
Qazlal
Ru
Trog
Uskayaw
Wu Jian
Zin
The Shining One

Shops:
D:2 :(*[


Innate Abilities, Weirdness & Mutations

You are frail. (-10% HP)


Message History

The iguana barely misses you.
You hit the iguana but do no damage.
The iguana is heavily wounded.
The iguana bites you!
You are too injured to fight recklessly!
You are too injured to fight recklessly!
You are too injured to fight recklessly!
You hit the iguana but do no damage.
The iguana is heavily wounded.
The iguana closely misses you. x2
You hit the iguana but do no damage.
The iguana is heavily wounded.
The iguana bites you!
You hit the iguana. You freeze the iguana.
You punch the iguana, but do no damage.
The iguana is severely wounded.
The iguana barely misses you.
You hit the iguana but do no damage.
The iguana is heavily wounded.
The iguana bites you!
* * * LOW HITPOINT WARNING * * *
You completely miss the iguana.
The iguana is heavily wounded.
The iguana bites you!
* * * LOW HITPOINT WARNING * * *
You barely miss the iguana.
The iguana is heavily wounded.
The iguana bites you but does no damage.
It was a potion of resistance.
You feel protected. The iguana bites you!
The Shining One protects you from harm! A divine shield forms around you!
You block the iguana's attack.
You hit the iguana. You freeze the iguana.
The iguana is almost dead.
The iguana barely misses you.
You hit the iguana but do no damage. You punch the iguana, but do no damage.
The iguana is almost dead.
The iguana bites you!
You die...

.## #####..## ###
##..## ....#####..##
#.......##
#.......##########
...........#........
#..........#........
#..........l........
##.........#@.......
#.........#........
#.........#########
#......[l.#
.........# ..P._.Pc#
.......


You could see an iguana.

Vanquished Creatures
  A black bear (D:5)
  An ogre (D:5)
  An elf zombie (Ossuary)
  2 scorpions (D:5)
  A centaur zombie (Ossuary)
  A human zombie (Ossuary)
  2 hounds
  A jelly (D:3)
  2 iguanas (D:5)
  3 mummies
  7 adders
  A white imp (D:5)
  4 adder zombies (Ossuary)
  2 worms
  2 dart slugs (D:1)
  An orc (D:3)
  6 bats
  4 endoplasms
  3 giant cockroaches
  8 goblins
  5 hobgoblins
  9 jackals
  7 kobolds
  5 quokkas
  3 ball pythons
  4 frilled lizards
  7 hobgoblin zombies
  A jackal zombie (Ossuary)
  12 kobold zombies
  13 orc zombies
  6 rats
  2 rat zombies (Ossuary)
127 creatures vanquished.

Notes
Turn   | Place    | Note
-------+----------+-------------------------------------------
     0 | D:1      | Lobster4 the Hill Orc Wanderer began the quest for the Orb.
     0 | D:1      | Lobster4 set off with the following items: a +0 club, 4
                  | throwing nets, a potion of attraction, a scroll of
                  | butterflies, a +0 leather armour; and the following spells
                  | available to memorise: Sublimation of Blood, Cigotuvi's
                  | Dreadful Rot.
     0 | D:1      | Reached XP level 1. HP: 14/14 MP: 2/2
    61 | D:1      | Reached XP level 2. HP: 12/22 MP: 3/3
   191 | D:1      | Reached skill level 1 in Fighting
   319 | D:1      | Reached XP level 3. HP: 26/28 MP: 4/4
   980 | D:2      | Found Sevob's Assorted Antiques.
  1006 | D:2      | Found Ysacaita's Antique Armour Emporium.
  1168 | D:2      | Reached XP level 4. HP: 23/36 MP: 6/6
  1334 | D:2      | Found Tyucomul's Weapon Shoppe.
  1396 | D:2      | Found Furar's Book Shop.
  1783 | D:3      | Reached skill level 1 in Axes
  2084 | D:3      | Found a glowing silver altar of Zin.
  2108 | D:3      | Reached XP level 5. HP: 42/42 MP: 7/7
  2221 | D:4      | Found a staircase to the Ecumenical Temple.
  2298 | Temple   | Entered the Ecumenical Temple
  2488 | Temple   | Became a worshipper of the Shining One
  2801 | D:4      | Noticed an ogre
  2903 | D:4      | Noticed an ogre
  2907 | D:4      | Gained mutation: You are frail. (-10% HP) [potion of
                  | mutation]
  2907 | D:4      | Gained mutation: You are very frail. (-20% HP) [potion of
                  | mutation]
  2907 | D:4      | Lost mutation: You are very frail. (-20% HP) [potion of
                  | mutation]
  3041 | D:5      | Entered Level 5 of the Dungeon
  3070 | D:5      | Reached * piety under the Shining One
  3091 | D:5      | Found a sand-covered staircase.
  3097 | D:5      | Reached XP level 6. HP: 45/45 MP: 9/9
  3099 | Ossuary  | Entered an ossuary
  3134 | Ossuary  | Reached ** piety under the Shining One
  3230 | Ossuary  | Reached *** piety under the Shining One
  3247 | Ossuary  | Reached skill level 1 in Invocations
  3280 | Ossuary  | Reached skill level 1 in Throwing
  3465 | Ossuary  | Reached **** piety under the Shining One
  3537 | D:5      | Reached XP level 7. HP: 52/52 MP: 10/10
  3872 | D:5      | Found an ornate altar of the Wu Jian Council.
  3880 | D:5      | Got the Octavo of the Forgotten Blessings
  3975 | D:5      | Found a shadowy altar of Dithmenos.
  3995 | D:5      | The Shining One protects you from harm!
  3998 | D:5      | Slain by an iguana

Illustrated notes

Levels and vault maps discovered:
D:1:      minmay_arrival_statue_studded, layout_rooms
D:2:      minmay_angry_zag, layout_loops_ring, serial_shops, shop, shop, shop,
          nicolae_shop_temple_entry_statues_fountains, lightli_corner_chamber
D:3:      layout_basic, lemuel_tele_altar, chequers_serial_rivers_small_3
D:4:      layout_cave_pools, mainiacjoe_overflow_six_doors_small,
          minmay_temple_entry_antechambers, st_stairs_13, minmay_mini_ossuary
D:5:      layout_rooms, mainiacjoe_overflow_tiny_flanked,
          mainiacjoe_overflow_small_starburst, mainiacjoe_overflow_chevrons,
          serial_shops, nicolae_shop_bloodbath_and_beyond,
          nicolae_ossuary_entry_giza, minmay_starry_boxes
Temple:   bh_familiar_temple

Skill      XL: |  1  2  3  4  5  6  7 |
---------------+----------------------+-----
Fighting       | 1 2 3 4 |  4.8
Evocations     | 2 3 |  3.0
Armour         | 3 4 |  4.6
Axes           | 1 2 4 |  4.0
Spellcasting   | 2 |  2.0
Dodging        | 2 |  2.0
Invocations    | 2 3 |  3.6
Throwing       | 1 |  1.0
Stealth        | |  1.0
Necromancy     | |  3.0

Action                   |  1- 3 |  4- 6 |  7- 9 || total
-------------------------+-------+-------+-------++-------
Melee: Club              |   179 |     2 |       ||   181
       Punch             |     2 |     5 |     4 ||    11
       Hand axe          |       |   218 |    64 ||   282
Throw: Dart              |       |    10 |    11 ||    21
       Throwing net      |       |       |     1 ||     1
Invok: Divine Shield     |       |       |     1 ||     1
  Use: Scroll            |     1 |     5 |       ||     6
       Potion            |       |     3 |     1 ||     4
 Stab: Distracted        |     1 |       |       ||     1
Armor: Leather armour    |    42 |    10 |       ||    52
       Ring mail         |       |    88 |    23 ||   111
Dodge: Dodged            |   165 |   194 |    45 ||   404
Block: Other             |       |       |     1 ||     1

Table legend: (Time is in decaauts)
 A = Elapsed time spent in this place.
 B = Non-inter-level travel time spent in this place.
 C = Inter-level travel time spent in this place.
 D = Time resting spent in this place.
 E = Time spent auto-exploring this place.
 F = Levels seen in this place.
 G = Mean time per level.
                   A        B        C        D        E       F      G
               +--------+--------+--------+--------+--------+-----+--------+
         Total |   4107 |   3915 |    192 |    571 |   2138 |   7 |  586.7 |
       Dungeon |   3474 |   3320 |    154 |    438 |   1890 |   5 |  694.8 |
        Temple |    203 |    165 |     38 |      0 |    162 |   1 |  203.0 |
       Ossuary |    429 |    429 |      0 |    133 |     86 |   1 |  429.0 |
               +--------+--------+--------+--------+--------+-----+--------+

Top non-repeatable levels by time:
     D:3: 901 daAuts
     D:2: 837 daAuts
     D:1: 666 daAuts
     D:5: 551 daAuts
     D:4: 516 daAuts
 Ossuary: 429 daAuts
  Temple: 203 daAuts
